Description

Learn Step-by-Step how to execute this strategy!

(10) Supply Depot (12) Barracks (13) Refinery (16) Orbital Command (17) Tech Lab (21) Barracks (24) Barracks (25) Refinery (38) Factory

NOTE: Build orders should never stay static and are subject to change based on what your opponent is doing! Remember this is an RTS: use your brain, be adaptable, profit.

VOD

https://www.youtube.com/watch?v=nRlPUN73uXo

Build Order

Get SALT Encoding   

  12  0:02  SCV  Max out
  13  0:09  Supply Depot  
  13  0:20  SCV  Max out
  15  0:42  Barracks  
  16  0:48  Refinery  
  16  0:55  SCV  Max out
  19  1:30  Orbital Command  2 SCVs to gas
  19  1:50  Barracks Tech Lab  
  20  2:10  Barracks  2X
  20  2:15  SCV  Max out
  21  2:25  Refinery  
  21  2:35  Supply Depot  3X
  22  2:50  SCV  Max out
  23  3:00  Barracks Reactor  
  23  3:05  Barracks Tech Lab  Start building marines and marauders
  24  3:15  Bunker  2 SCVs to gas
  25  3:30  Factory  
  25  3:35  SCV  Max out
  27  3:50  Engineering Bay  Keep Building SCVs
  29  4:15  Factory Reactor  
  30  4:25  Starport  Factory Reactor swap
  31  4:35  Orbital Command  
  35  5:20  Medivac  Fight when two medievacs + 35 units
Spawning Tool Build Advisor. Get it on Overwolf

Analysis

  • Once you have built up a small force and feel you are safe from early pressure, attach a reactor to one of your Barracks and get another tech lab on the other

  • Once your factory is finished building build a starport and begin attaching a reactor to your factory, swap buildings when complete

  • Be sure to micro away from those nasty zealots

Go to:

Details

  • Created by: bigrat95
  • Published on: Dec 17, 2022
  • Modified on: Dec 17, 2022
  • Patch: 4.11.0
  • Difficulty: Easy
Show
View Real Time Build Order
Export as new Build Order

Comments (2)

On Feb. 2, 2023, 5:32 a.m., Fezvez  said:

This video is 12 years old!

On Dec. 17, 2022, 9:32 p.m., bigrat95  said:

cool

Create an account to comment!